Description

PvT PartinG blink stalker opening :) Can use warp prism for micro and warp ins.

Replay - 2020-05-29 - (T)Jason VS (P)PartinG

Build Order

Get SALT Encoding   

  12  0:00  Probe  
  13  0:13  Probe  
  14  0:17  Pylon  
  14  0:25  Probe  
  15  0:36  Gateway  
  15  0:37  Probe (Chrono Boost)  
  16  0:46  Probe x2 (Chrono Boost)  
  16  0:47  Assimilator  
  18  1:03  Probe  
  19  1:15  Probe  
  20  1:22  Cybernetics Core  
  20  1:33  Nexus  
  20  1:39  Pylon  
  20  1:42  Probe  
  21  1:52  Assimilator  
  21  1:59  Adept (Chrono Boost)  
  23  2:02  Shield Battery  
  23  2:04  Probe  
  23  2:07  Warp Gate  
  24  2:19  Stalker (Chrono Boost)  
  27  2:36  Twilight Council  
  30  2:58  Robotics Facility  
  32  3:12  Blink (Chrono Boost)  
  33  3:27  Gateway x2  
  34  3:35  Gateway  
  36  3:45  Observer (Chrono Boost)  
  36  3:47  Pylon  
  39  3:58  Warp Prism (Chrono Boost)  
  41  4:08  Stalker  
  42  4:16  Assimilator  
  43  4:21  Pylon  
  43  4:22  Stalker x2  
  49  4:32  Observer  
  50  4:40  Pylon  
  52  4:57  Stalker x4  
  60  5:01  Shield Battery  
  62  5:22  Stalker x2  
  71  5:40  Assimilator  
  79  6:56  Nexus  
Spawning Tool Build Advisor. Get it on Overwolf

Go to:

Details

  • Created by: LightWisdom
  • Published on: Jun 15, 2020
  • Modified on: Jun 15, 2020
  • Patch: 4.11.0
  • Difficulty: Hard
Show
View Real Time Build Order
Export as new Build Order

Comments (0)

There are no comments. Be the first!

Create an account to comment!